 Dungeon Crawl Stone Soup version 0.24.0-1-gfbc8707 (webtiles) character file.

Game seed: 7179669681176090386, levelgen mode: deterministic

291 Fang the Skirmisher (level 6, -7/60 HPs)
             Began as a Gargoyle Berserker on Nov 6, 2019.
             Was a Priest of Trog.
             Splashed by Ijyb's acid (11 damage)
             ... on level 4 of the Dungeon.
             The game lasted 00:03:30 (3129 turns).

Fang the Skirmisher (Gargoyle Berserker)            Turns: 3129, Time: 00:03:31

Health: -7/60      AC:  9    Str: 27    XL:     6   Next: 32%
Magic:  6/6        EV:  9    Int:  8    God:    Trog [***...]
Gold:   112        SH:  0    Dex:  9    Spells: 5/5 levels left

rFire    . . .     SeeInvis +   a - +0 war axe
rCold    . . .     Gourm    .   (no shield)
rNeg     + . .     Faith    .   b - +0 chain mail
rPois    ∞         Spirit   .   (no helmet)
rElec    +         Reflect  .   (no cloak)
rCorr    .         Harm     .   (no gloves)
MR       .....                  (no boots)
Stlth    ..........             (no amulet)
HPRegen  0.20/turn              p - ring of see invisible
MPRegen  0.10/turn              (no ring)

@: berserking, corroded, very quick
A: negative energy resistance 1, electricity resistance, unbreathing,
petrification resistance, rot immunity, AC +4
a: Berserk, Trog's Hand, Renounce Religion


You were on level 4 of the Dungeon.
You worshipped Trog.
Trog was most pleased with you.
You were very hungry.

You visited 1 branch of the dungeon, and saw 4 of its levels.

You collected 112 gold pieces.

Inventory:

Hand Weapons
 a - a +0 war axe (weapon)
Armour
 b - a +0 chain mail (worn)
Jewellery
 p - a ring of see invisible (left hand)
Scrolls
 d - 3 scrolls of amnesia {unknown}
 e - a scroll of magic mapping {unknown}
 g - a scroll of random uselessness {unknown}
 n - a scroll of blinking {unknown}
 q - 3 scrolls of identify {unknown}
 r - a scroll of teleportation {unknown}
 s - a scroll of enchant armour {unknown}
 t - a scroll of noise {unknown}
Potions
 f - 2 potions of lignification {unknown}
 h - a potion of haste {unknown}
 i - a potion of brilliance {unknown}
 j - a potion of mutation {unknown}
 l - 3 potions of curing {unknown}
 m - a potion of agility {unknown}
 o - a potion of heal wounds {unknown}
Comestibles
 c - 9 rations
 k - 4 chunks of flesh


   Skills:
 * Level 4.9 Fighting
 * Level 4.1 Axes
 + Level 3.7 Armour
 + Level 2.7 Dodging


You had 5 spell levels left.
You didn't know any spells.
Your spell library was empty.

Dungeon Overview and Level Annotations

Branches:
Dungeon (4/15)
 Temple: D:4-7

Altars:

Annotations:
D:4 Ijyb


Innate Abilities, Weirdness & Mutations

You are resistant to torment.
Your stone body is resilient. (AC +4)
You are immune to poison.
You resist negative energy. (rN+)
You are resistant to electric shocks. (rElec)
You can survive without breathing.
You are immune to petrification.
You are immune to rotting.


Message History

You are splashed with acid!
You are too injured to fight recklessly!
You are too injured to fight recklessly!
You are too injured to fight recklessly!
You are too injured to fight recklessly!
You are too injured to fight recklessly!
You are too injured to fight recklessly!
You are too injured to fight recklessly!
You are too injured to fight recklessly!
You are too injured to fight recklessly!
You are too injured to fight recklessly!
You are too injured to fight recklessly!
You are too injured to fight recklessly!
A red film seems to cover your vision as you go berserk!
You feel yourself moving faster!
You feel mighty!
You are feeling very hungry.
Ijyb zaps a wand.
The bolt of acid hits you!!
* * * LOW HITPOINT WARNING * * *
You are splashed with acid!
You die...

#.# #.# #)#
#.# #.# #.#
#.############
#.........(.†#
############@#
#g# #.# #.#
#.# ..# ###


You could see Ijyb.

Vanquished Creatures
  An ogre (D:4)
  12 adders
  An ooze (D:2)
  3 worms
  2 dart slugs
  A leopard gecko (D:3)
  6 orcs
  6 bats
  5 giant cockroaches
  7 goblins
  8 hobgoblins
  10 jackals
  3 quokkas
  A ball python (D:3)
  3 frilled lizards
  7 kobolds
  3 rats
79 creatures vanquished.

Vanquished Creatures (others)
  A jackal (D:4)
1 creature vanquished.

Grand Total: 80 creatures vanquished

Notes
Turn   | Place    | Note
-------+----------+-------------------------------------------
     0 | D:1      | Fang the Gargoyle Berserker began the quest for the Orb.
     0 | D:1      | Reached XP level 1. HP: 14/14 MP: 1/1
   256 | D:1      | Reached XP level 2. HP: 18/19 MP: 2/2
   680 | D:2      | Reached XP level 3. HP: 5/23 MP: 3/3
  1069 | D:2      | Reached ** piety under Trog
  1281 | D:2      | Reached XP level 4. HP: 21/29 MP: 4/4
  1931 | D:3      | Reached XP level 5. HP: 21/33 MP: 5/5
  2196 | D:3      | Reached *** piety under Trog
  2786 | D:4      | Noticed an ogre
  2795 | D:4      | Killed an ogre
  2795 | D:4      | Reached XP level 6. HP: 12/40 MP: 6/6
  3122 | D:4      | Noticed Ijyb
  3129 | D:4      | Splashed by Ijyb's acid

Levels and vault maps discovered:
D:1:      sevenhm_arrival_forest_fort_large_2, layout_basic
D:2:      layout_basic
D:3:      layout_basic, first_ration
D:4:      layout_loops_ring, ebering_ghost_rock_garden, uniq_ijyb

Skill      XL: |  1  2  3  4  5 |
---------------+----------------+-----
Axes           | 3 4 |  4.1
Dodging        | 2 |  2.7
Armour         | 3 |  3.7
Fighting       | 4 |  4.9

Action                   |  1- 3 |  4- 6 || total
-------------------------+-------+-------++-------
Melee: Hand axe          |   114 |   122 ||   236
       War axe           |       |    94 ||    94
Invok: Berserk           |       |     3 ||     3
 Stab: Sleeping          |     2 |       ||     2
  Eat: Chunk             |     1 |     8 ||     9
Armor: Animal skin       |    40 |    78 ||   118
       Chain mail        |       |    49 ||    49
Dodge: Dodged            |    91 |   164 ||   255
